Map: Chain of Ascension

Players

Nikitta

  • Race: Protoss Protoss
  • Spawn Location: 11:00

Winthrowe

  • Race: Protoss Protoss
  • Spawn Location: 11:00

VOD

Have the link to the VOD?

Description

Time

  • Played on: Aug. 17, 2017, 8:08 p.m.
  • Length: 24:40
Show
View Real Time Build Order
Export as new Build Order

Nikitta Protoss 

Build Orders:  

Get SALT Encoding   

  12  0:33  Pylon  
  12  0:36  Assimilator  
  12  0:38  Probe (Chrono Boost)  
  13  0:52  Probe (Chrono Boost)  
  14  1:06  Probe (Chrono Boost)  
  15  1:12  Pylon  
  15  1:21  Pylon  
  15  1:38  Probe (Chrono Boost)  
  16  1:48  Gateway  
  16  1:52  Probe (Chrono Boost)  
  17  2:00  Gateway  
  17  2:06  Probe (Chrono Boost)  
  18  2:20  Forge  
  18  2:22  Probe (Chrono Boost)  
  19  2:36  Probe (Chrono Boost)  
  20  2:49  Pylon  
  20  2:57  Zealot  
  22  3:08  Zealot  
  24  3:26  Photon Cannon  
  24  3:29  Probe (Chrono Boost)  
  25  3:42  Protoss Ground Weapons Level 1, Probe (Chrono Boost)  
  25  3:47  Zealot  
  28  3:51  Zealot  
  30  4:09  Cybernetics Core  
  30  4:18  Gateway  
  30  4:24  Zealot  
  32  5:14  Dragoon  
  32  5:19  Dragoon  
  36  5:26  Dragoon  
  38  6:10  Assimilator  
  38  6:14  Probe (Chrono Boost)  
  39  6:22  Protoss Ground Armor Level 1  
  39  6:25  Dragoon  
  39  6:28  Probe (Chrono Boost), Dragoon  
  44  6:31  Dragoon  
  46  7:08  Protoss Air Weapons Level 1  
  46  7:42  Pylon  
  46  7:51  Pylon  
  46  8:35  Dragoon  
  46  8:38  Dragoon  
  50  8:40  Dragoon  
  52  8:54  Death Council  
  52  9:02  Stargate  
  48  10:04  Phoenix  
  48  10:39  Phoenix  
  50  10:55  Dragoon  
  50  10:58  Dragoon  
  54  11:01  Dragoon  
  56  11:14  Phoenix  
  58  11:48  Phoenix  
  60  11:54  Dragoon  
  62  12:20  Pylon  
  62  12:45  Phoenix  
  64  13:36  Charge  
  64  13:40  Singularity Charge  
  64  14:41  Phoenix  
  64  14:47  Dragoon  
  68  14:51  Dragoon  
  70  15:04  Pylon  
  70  15:29  Phoenix  
  72  16:04  Phoenix  
  74  16:39  Phoenix  
  76  17:14  Phoenix  
  78  18:23  Phoenix  
  78  18:27  Pylon  
  74  18:30  Dragoon  
  74  18:33  Dragoon  
  74  18:36  Dragoon  
  78  18:58  Phoenix  
  80  19:26  Dragoon  
  80  19:29  Dragoon  
  84  19:31  Dragoon  
  86  19:56  Pylon  
  86  19:58  Protoss Ground Weapons Level 2  
  86  20:21  Phoenix  
  88  20:56  Phoenix  
  88  20:57  Ascendant Archives  
  90  21:31  Phoenix  
  92  22:39  Psionic Storm  
Show
View Real Time Build Order
Export as new Build Order

Winthrowe Protoss 

Build Orders:  

Get SALT Encoding   

  12  0:05  Probe (Chrono Boost)  
  13  0:33  Pylon  
  13  0:38  Probe (Chrono Boost)  
  14  0:40  Assimilator  
  14  0:54  Probe (Chrono Boost)  
  15  1:10  Probe (Chrono Boost)  
  15  1:11  Gateway  
  16  1:26  Probe (Chrono Boost)  
  17  1:40  Probe (Chrono Boost)  
  18  1:53  Probe (Chrono Boost)  
  19  2:07  Probe (Chrono Boost)  
  20  2:25  Zealot  
  22  2:31  Probe (Chrono Boost)  
  23  3:16  Pylon  
  23  3:19  Pylon  
  23  3:24  Pylon  
  23  3:40  Probe (Chrono Boost)  
  23  3:41  Zealot  
  26  3:54  Probe (Chrono Boost)  
  26  3:59  Cybernetics Core  
  27  4:04  Gateway x2  
  27  4:08  Gateway, Probe (Chrono Boost)  
  28  4:22  Probe (Chrono Boost)  
  27  4:50  Stalker  
  29  5:19  Stalker x3  
  35  5:32  Stalker  
  37  6:03  Stalker  
  37  6:04  Stalker x2  
  43  6:14  Stalker  
  45  6:45  Stalker  
  47  7:03  Pylon  
  47  7:08  Pylon  
  47  7:15  Pylon  
  47  7:18  Pylon  
  47  7:24  Assimilator  
  47  7:28  Stalker, Zealot x3  
  51  8:06  Zealot x2  
  55  8:36  Zealot  
  55  8:37  Zealot  
  59  8:43  Zealot x2  
  63  9:14  Zealot x2  
  67  9:21  Zealot x2  
  65  9:52  Zealot x2  
  65  9:59  Zealot x2  
  71  10:30  Stalker x2  
  71  10:37  Stalker x2  
  79  10:42  Forge  
  79  11:00  Stargate  
  79  11:35  Warp Gate  
  79  11:39  Protoss Air Weapons Level 1  
  79  13:19  Pylon  
  79  13:24  Pylon  
  79  13:44  Stalker x3, Probe (Chrono Boost)  
  84  13:50  Stalker  
  86  13:54  Protoss Shields Level 1  
  86  13:58  Probe (Chrono Boost)  
  89  14:10  Corsair  
  89  14:11  Probe (Chrono Boost)  
  90  14:25  Probe (Chrono Boost)  
  90  14:26  Stalker x3  
  91  14:31  Stalker  
  91  15:08  Zealot x2  
  95  15:17  Zealot  
  95  15:45  Zealot  
  95  15:53  Stalker  
  95  15:58  Stalker  
  95  15:59  Stalker  
  95  16:09  Pylon  
  95  16:10  Pylon  
  95  16:12  Pylon  
  95  16:13  Pylon x2  
  95  16:16  Pylon  
  91  16:23  Stalker  
  93  16:34  Protoss Ground Weapons Level 1  
  93  16:35  Stalker  
  95  16:40  Stalker  
  95  16:41  Stalker  
  99  16:51  Void Ray  
  103  17:05  Stalker  
  105  17:17  Stalker  
  105  17:22  Stalker  
  105  17:23  Stalker  
  109  17:46  Stalker  
  107  17:51  Void Ray  
  107  17:59  Zealot  
  113  18:04  Zealot  
  113  18:05  Zealot  
  117  18:15  Dark Pylon  
  117  18:28  Zealot  
  115  18:37  Zealot  
  115  18:42  Zealot  
  115  18:43  Zealot  
  119  19:06  Zealot  
  121  19:14  Zealot  
  123  19:20  Zealot  
  123  19:21  Zealot  
  127  19:34  Void Ray  
  131  19:44  Zealot  
  133  19:52  Zealot  
  133  19:58  Zealot  
  133  19:59  Zealot  
  133  20:28  Zealot  
  133  20:30  Zealot  
  133  20:34  Void Ray  
  133  20:36  Zealot  
  133  20:37  Zealot  
  139  21:06  Zealot  
  139  21:08  Stalker  
  143  21:14  Stalker  
  145  21:24  Stalker  
  147  21:44  Stalker  
  149  21:50  Stalker  
  151  22:29  Stalker  
  147  22:38  Void Ray  
  121  23:38  Void Ray  
Tags
 
Add a new tag
Caveats
  • Supply blocks, unpowered buildings, or Contaminate may cause inaccurate times.
  • Supply counts are checked every 10 seconds.